 Seeded DCSS version 0.30.1-4-g462c640d31 (webtiles) character file.

Game seed: 16653573533833982129 (custom seed)

5 Psyclone the Stinger (level 1, 0/11 HPs)
             Began as an Octopode Venom Mage on Sept 18, 2023.
             Frozen to death by an endoplasm (5 damage)
             ... on level 1 of the Dungeon.
             The game lasted 00:00:38 (79 turns).

Psyclone the Stinger (Octopode Venom Mage)            Turns: 79, Time: 00:00:38

Health: 0/11       AC:  1    Str:  7    XL:     1   Next: 80%
Magic:  0/3        EV: 13    Int: 17    God:
Gold:   0          SH:  0    Dex: 12    Spells: 3/4 levels left

rFire   . . .        a - +0 dagger
rCold   . . .        (no shield)
rNeg    . . .        (helmet restricted)
rPois   .            (no amulet)
rElec   .            (no ring)
rCorr   .            (no ring)
SInv    .            (no ring)
Will    .....        (no ring)
Stlth   +++          (no ring)
HPRegen 0.21/turn    (no ring)
MPRegen 0.08/turn    (no ring)
                     (no ring)

%: no passive effects
@: no status effects
A: almost no armour, amphibious, 8 rings, camouflage 1, gelatinous body 1,
(nimble swimmer 1), tentacles
a: no special abilities


You were on level 1 of the Dungeon.
You visited 1 branch of the dungeon, and saw 1 of its levels.

Inventory:

Hand Weapons
 a - a +0 dagger (weapon)
 d - a +0 mace
Scrolls
 b - a scroll of butterflies {unknown}
Potions
 c - a potion of ambrosia {unknown}
 e - a potion of attraction {unknown}
 f - a potion of magic


   Skills:
 - Level 2.0 Dodging
 - Level 2.6 Stealth
 - Level 2.0 Spellcasting
 - Level 1.0 Transmutations
 + Level 4.1 Poison Magic


You had 3 spell levels left.
You knew the following spells:

 Your Spells              Type           Power      Damage    Failure   Level
a - Sting                 Tmut/Pois      40%        1d5       7%          1

Your spell library contained the following spells:

 Spells                   Type           Power      Damage    Failure   Level
 Poisonous Vapours        Pois/Air       16%        N/A       13%         2
 Mephitic Cloud           Conj/Pois/Air  6%         N/A       32%         3
 Olgreb's Toxic Radiance  Pois           15%        N/A       34%         4


Dungeon Overview and Level Annotations

Branches:
Dungeon (1/15) Zot: 5920

Altars:


Innate Abilities, Weirdness & Mutations

You cannot wear most types of armour.
You are amphibious.
You can wear up to eight rings at the same time.
Your skin changes colour to match your surroundings (Stealth+).
Your rubbery body absorbs attacks. (AC +1, EV +1)
((You are camouflaged when in or above water. (Stealth+)))
You have tentacles for arms and can constrict up to eight enemies at once.


Message History

The kobold is severely wounded.
The kobold barely misses you.
You hit the kobold but do no damage. You grab the kobold.
The kobold is severely wounded.
You constrict the kobold.
You kill the kobold!
Your Poison Magic skill increases to level 4!
Casting: Sting (safe; 7% risk of failure)
Confirm with . or Enter, or press ? or * to list all spells.
Aiming: Sting (safe; 7% risk of failure)
Press: ? - help, Shift-Dir - straight line, f - hobgoblin
Aim: a hobgoblin, wielding a staff of death and wearing a +6 ring of intelligence (71% to hit)
The sting misses the hobgoblin.
The hobgoblin barely misses you.
You now have 2/3 mp.
Casting: Sting (safe; 7% risk of failure)
Confirm with . or Enter, or press ? or * to list all spells.
Aiming: Sting (safe; 7% risk of failure)
Press: ? - help, Shift-Dir - straight line, f/p - hobgoblin
Aim: a hobgoblin, wielding a staff of death and wearing a +6 ring of intelligence (71% to hit)
The sting hits the hobgoblin.
The hobgoblin is poisoned.
The hobgoblin is severely wounded.
The hobgoblin hits you with a staff of death.
You take 2 damage, and have 6/11 hp.
You now have 1/3 mp.
Casting: Sting (safe; 7% risk of failure)
Confirm with . or Enter, or press ? or * to list all spells.
Aiming: Sting (safe; 7% risk of failure)
Press: ? - help, Shift-Dir - straight line, f/p - hobgoblin
Aim: a hobgoblin, wielding a staff of death and wearing a +6 ring of intelligence (heavily wounded, poisoned, 71% to hit)
The sting hits the hobgoblin.
The hobgoblin looks even sicker.
The hobgoblin is almost dead.
The hobgoblin hits you with a staff of death.
You take 1 damage, and have 5/11 hp.
You now have 0/3 mp.
You hit the hobgoblin but do no damage. Your grab misses the hobgoblin.
You squeeze the hobgoblin.
You kill the hobgoblin!
You hit the endoplasm.
The endoplasm is heavily wounded.
The endoplasm freezes you.
You are frozen.
You die...

####..#. ##.# ......
#####... #
#.#..#####.....####.##
#
#.#........#...#.$#..
. #.#.######.#.#
.$..## #.#.#.## #...#
....(# #.#....# ###†#
....(# #......#
#.##J...# #.#....#
#..@# #.#.#### ##..#
..#.# #.... ###.#
#...... ###.# ########
....# #####


You could see an endoplasm.

Vanquished Creatures
  A hobgoblin (D:1)
  2 ball pythons (D:1)
  A bat (D:1)
  A goblin (D:1)
  A kobold (D:1)
  A rat (D:1)
7 creatures vanquished.

Notes
Turn   | Place    | Note
-------+----------+-------------------------------------------
     0 | D:1      | Psyclone the Octopode Venom Mage began the quest for the
                  | Orb.
     0 | D:1      | Reached XP level 1. HP: 11/11 MP: 3/3
    75 | D:1      | Reached skill level 4 in Poison Magic
    79 | D:1      | Frozen to death by an endoplasm

Illustrated notes

Levels and vault maps discovered:
D:1:      dpeg_arrival_tiny_k, layout_loops_ring, minmay_hexomino_c4

Skill      XL: |  1 |
---------------+----+-----
Poison Magic   | 4 |  4.1
Dodging        | |  2.0
Stealth        | |  2.6
Spellcasting   | |  2.0
Transmutations | |  1.0

Action                     || total
---------------------------++-------
  Melee: Dagger            ||    11
         Constrict         ||     2
         Tentacles         ||     2
         Mace              ||     1
         Unarmed           ||     1
   Cast: Sting             ||     3
   Stab: Sleeping          ||     2
  Dodge: Dodged            ||    12
